 Dungeon Crawl Stone Soup version 0.28.0 (webtiles) character file.

Game seed: 17416889853608444357

4932 mandarbmax the Zephyrmancer (level 10, -1/45 (50) HPs)
             Began as a Tengu Air Elementalist on Feb 13, 2022.
             Was a Believer of Vehumet.
             Slain by a manticore (13 damage)
             ... on level 8 of the Dungeon.
             The game lasted 00:23:21 (7805 turns).

mandarbmax the Zephyrmancer (TeAE)                  Turns: 7805, Time: 00:23:22

HP:   -1/45 (50)    AC:  9    Str: 15    XL:     10   Next: 52%
MP:   5/26          EV: 16    Int: 19    God:    Vehumet [**....]
Gold: 204           SH: 10    Dex: 15    Spells: 5/17 levels left

rFire   . . .      SeeInvis .   h - staff of air
rCold   . . .      Faith    .   k - +0 kite shield
rNeg    . . .      Spirit   .   q - +2 acid dragon scales
rPois   .          Reflect  .   (helmet restricted)
rElec   +          Harm     .   y - scarf {+Inv}
rCorr   +          Rampage  .   n - +0 pair of gloves
Will    .....                   (boots unavailable)
Stlth   ++........              (no amulet)
HPRegen 0.15/turn               f - ring of magical power
MPRegen 0.20/turn               p - +6 ring of strength

@: flying quickly and evasively, heavily drained, quick
A: beak, talons 3, nimble flight
a: Renounce Religion, Evoke Invisibility


You were on level 8 of the Dungeon.
You worshipped Vehumet.
Vehumet was pleased with you.
You visited 1 branch of the dungeon, and saw 8 of its levels.

You collected 409 gold pieces.
You spent 205 gold pieces at shops.

Inventory:

Hand Weapons
 g - a +2 whip of electrocution
Armour
 a - a +1 leather armour of poison resistance
 d - a +2 robe of cold resistance
 k - a +0 kite shield (worn)
 n - a +0 pair of gloves (worn)
 q - +2 acid dragon scales (worn)
 y - a scarf of invisibility (worn)
Magical Staves
 h - a staff of air (weapon)
Jewellery
 f - a ring of magical power (left hand)
 m - a +4 ring of slaying
 p - a +6 ring of strength (right hand)
 t - a ring of see invisible
Wands
 A - a wand of iceblast (9)
 D - a wand of charming (3)
 E - a wand of paralysis (9)
 F - a wand of digging (2)
Scrolls
 c - a scroll of immolation {unknown}
 e - a scroll of enchant armour {unknown}
 l - a scroll of summoning
 s - a scroll of enchant weapon
 u - a scroll of vulnerability
 x - a scroll of noise
Potions
 i - a potion of magic
 j - 5 potions of curing
 r - 2 potions of flight
 v - a potion of brilliance
 z - a potion of berserk rage


   Skills:
 + Level 8.3 Dodging
 - Level 2.0 Stealth
 + Level 7.4 Shields
 - Level 4.0 Spellcasting
 - Level 5.2 Conjurations
 + Level 11.0 Air Magic
 + Level 5.2 Evocations


You had 5 spell levels left.
You knew the following spells:

 Your Spells              Type           Power      Damage    Failure   Level
a - Shock                 Conj/Air       100%       1d9       1%          1
b - Static Discharge      Conj/Air       51%        N/A       2%          2
c - Blink                 Tloc           6%         N/A       58%         2
d - Swiftness             Air            62%        N/A       1%          3
e - Airstrike             Air            31%        N/A       5%          4

Your spell library contained the following spells:

 Spells                   Type           Power      Damage    Failure   Level
 Poisonous Vapours        Pois/Air       74%        N/A       8%          2
 Slow                     Hex            12%        N/A       45%         1
 Dazzling Flash           Conj/Hex       26%        N/A       45%         3
 Silence                  Hex/Air        18%        N/A       82%         5
 Confusing Touch          Hex            3%         N/A       83%         3
 Vampiric Draining        Necr           3%         2d6       83%         3
 Agony                    Necr           3%         N/A       100%        5
 Manifold Assault         Tloc           3%         N/A       100%        5
 Storm Form               Tmut/Air       18%        N/A       100%        7


Dungeon Overview and Level Annotations

Branches:
Dungeon (8/15)             Temple (0/1) D:6
   Lair: D:8-11

Altars:
Cheibriados
Kikubaaqudgha
Makhleb
Ru
Trog
Vehumet
Yredelemnul

Shops:
D:6 *


Innate Abilities, Weirdness & Mutations

You have a beak for a mouth.
You have claws for feet.
Your magical nature lets you fly swiftly and evasively.


Message History

Your orc's corpse dissolves into shadows!
You see here a +0 long sword.
Okay, then.
Okay, then.
You fade into invisibility!
The bullfrog misses you. You block the manticore's attack.
The manticore claws you. x2; You block the centaur's attack.
The centaur completely misses you.
The centaur seems to be listening.
You see here a bubbling sapphire potion.
Unknown command.
You feel very mighty all of a sudden. The centaur completely misses you.
The centaur closely misses you. The manticore bites you.
You block the manticore's attack. x2
It was a potion of cancellation.
Your magical effects are unravelling.
You feel magically purged.
You flicker back into view.
You feel a little less mighty now.
Your hearing returns.
You feel your willpower return.
The manticore bites you but does no damage.
The manticore claws you!
* * * LOW HITPOINT WARNING * * *
The manticore misses you.
You feel better. The manticore misses you. You block the manticore's attack. x2
The skeletal warrior hits you with a +0 battleaxe!
* * * LOW HITPOINT WARNING * * *
Unknown command.
Okay, then.
Okay, then.
Okay, then.
Okay, then.
Okay, then.
Okay, then.
You feel drained.
You fail to use your ability.
The manticore closely misses you. The manticore claws you.
* * * LOW HITPOINT WARNING * * *
You block the manticore's attack. The skeletal warrior barely misses you.
Unknown command.
You feel better. The manticore bites you!
You die...

#...# #######.#
############
###.# #.# #..#
#.# #.#######..#
#.#
#..........#####
#.#
#########.......
#.#
#######(###.##
#.# #.......#
#.# #.#
#########.###
#.# #.# #@?# #.#
#.# #.# #Hz###
#.# #.# ###
#FDc.# #.# ##)#
#FZ..####.# #..#
..($.)##..##.#
#.##
....[..##..##†#
#.#
#......####.)F#
#.# #......#
#...# #.#
#..[.... ..##.#
#.#


You could see a skeletal warrior (weak-willed), a manticore (weak-willed), a
steam dragon (weak-willed), 2 bullfrogs, a centaur (weak-willed) and a centaur
zombie (weak-willed).

Vanquished Creatures
  Pikel (D:5)
  A cyclops (D:8)
  Maggie (D:7)
  A komodo dragon (shapeshifter) (D:8)
  A komodo dragon (D:8)
  A hornet (D:8)
  A shadow (D:7)
  A vampire mosquito (D:8)
  2 water moccasins
  Duvessa (D:4)
  4 black bears
  4 necrophages
  2 centaurs
  2 lemures (D:5)
  Blork the orc (D:4)
  3 bullfrogs
  A scorpion (D:6)
  A wyvern skeleton (D:6)
  Dowan (D:4)
  6 wights
  5 howler monkeys
  5 centaur zombies
  3 hounds (D:5)
  A human zombie (D:8)
  3 jellies
  A gnoll shaman (D:7)
  An iguana (D:5)
  3 killer bee zombies
  A mummy (D:8)
  2 howler monkey zombies (D:8)
  7 gnolls
  A howler monkey skeleton (D:5)
  3 adders
  3 white imps
  3 worms
  16 orcs
  5 endoplasms
  7 goblins
  10 hobgoblins
  6 jackals
  2 kobolds (D:1)
  A quokka (D:3)
  5 ball pythons
  3 bats
  A frilled lizard (D:3)
  3 rats
137 creatures vanquished.

Vanquished Creatures (collateral kills)
  An orc (D:8)
1 creature vanquished.

Vanquished Creatures (others)
  14 fungi (D:8)
  10 plants (D:8)
24 creatures vanquished.

Grand Total: 162 creatures vanquished

Notes
Turn   | Place    | Note
-------+----------+-------------------------------------------
     0 | D:1      | mandarbmax the Tengu Air Elementalist began the quest for
                  | the Orb.
     0 | D:1      | Reached XP level 1. HP: 10/10 MP: 4/4
   585 | D:1      | Reached XP level 2. HP: 12/15 MP: 0/6
   725 | D:1      | Learned a level 2 spell: Static Discharge
   728 | D:1      | Learned a level 2 spell: Blink
  1180 | D:2      | Found a bloodstained altar of Trog.
  1375 | D:2      | Reached XP level 3. HP: 19/19 MP: 7/7
  1630 | D:2      | Found a faded altar of an unknown god.
  2205 | D:3      | Found a snail-covered altar of Cheibriados.
  2501 | D:3      | Reached skill level 5 in Air Magic
  2512 | D:3      | Reached XP level 4. HP: 24/24 MP: 8/8
  2772 | D:4      | Reached skill level 1 in Shields
  2808 | D:3      | Found a sacrificial altar of Ru.
  2817 | D:3      | Became a worshipper of Ru the Awakened
  2922 | D:4      | Noticed Duvessa
  2922 | D:4      | Noticed Dowan
  2925 | D:4      | Noticed Blork the orc
  2956 | D:4      | Killed Blork the orc
  2957 | D:4      | Gained mutation: Your magical nature lets you fly swiftly
                  | and evasively. [Tengu growth]
  2957 | D:4      | Reached XP level 5. HP: 28/28 MP: 9/9
  2963 | D:4      | Killed Duvessa
  2964 | D:4      | Reached skill level 6 in Air Magic
  2964 | D:4      | Reached XP level 6. HP: 32/32 MP: 2/10
  2984 | D:4      | Killed Dowan
  3113 | D:4      | Noticed a black bear
  3120 | D:4      | Killed a black bear
  3121 | D:4      | Reached skill level 5 in Conjurations
  3171 | D:4      | Learned a level 3 spell: Swiftness
  3492 | D:5      | Entered Level 5 of the Dungeon
  3569 | D:5      | Noticed a sky beast
  3589 | D:6      | Reached XP level 7. HP: 36/36 MP: 11/11
  3991 | D:5      | Found a radiant altar of Vehumet.
  4007 | D:5      | Reached skill level 7 in Air Magic
  4017 | D:5      | Fell from the grace of Ru
  4017 | D:5      | Became a worshipper of Vehumet
  4163 | D:5      | Found an ancient bone altar of Kikubaaqudgha.
  4231 | D:5      | Noticed Pikel
  4242 | D:5      | Killed Pikel
  4243 | D:5      | Reached skill level 5 in Dodging
  4243 | D:5      | Reached skill level 8 in Air Magic
  4243 | D:5      | Reached XP level 8. HP: 40/41 MP: 12/14
  4453 | D:5      | Learned a level 4 spell: Airstrike
  4931 | D:6      | Found a staircase to the Ecumenical Temple.
  5018 | D:6      | Reached skill level 5 in Shields
  5076 | D:6      | Found Etwe's Assorted Antiques.
  5088 | D:6      | Bought a potion of curing for 78 gold pieces
  5088 | D:6      | Bought a bubbling coppery potion for 23 gold pieces
  5088 | D:6      | Bought a scroll of identify for 52 gold pieces
  5088 | D:6      | Bought a scroll labelled BAEKOSTR JAIMN for 26 gold pieces
  5088 | D:6      | Bought a scroll labelled POYVUA RIURE for 26 gold pieces
  5125 | D:6      | Reached skill level 1 in Evocations
  5332 | D:6      | Reached XP level 9. HP: 44/45 MP: 16/16
  5834 | D:7      | Reached skill level 9 in Air Magic
  5856 | D:7      | Reached * piety under Vehumet
  5856 | D:7      | Offered knowledge of Foxfire by Vehumet.
  6172 | D:7      | Found a burning altar of Makhleb.
  6299 | D:7      | Noticed Maggie
  6311 | D:7      | Killed Maggie
  7015 | D:8      | Noticed a komodo dragon
  7028 | D:8      | Killed a komodo dragon
  7029 | D:8      | Reached skill level 10 in Air Magic
  7150 | D:8      | Reached XP level 10. HP: 44/50 MP: 17/17
  7181 | D:8      | Noticed a cyclops
  7189 | D:8      | Killed a cyclops
  7539 | D:8      | Found a basalt altar of Yredelemnul.
  7770 | D:8      | Offered knowledge of Poisonous Vapours by Vehumet.
  7773 | D:8      | Reached ** piety under Vehumet
  7774 | D:8      | Reached skill level 5 in Evocations
  7781 | D:8      | Noticed a skeletal warrior
  7788 | D:8      | Reached skill level 11 in Air Magic
  7789 | D:8      | Noticed a manticore
  7805 | D:8      | Slain by a manticore

Illustrated notes

Levels and vault maps discovered:
D:1:      dpeg_arrival_tiny_f, layout_loops_corners
D:2:      layout_loops_ring, basic_altar,
          hellmonk_ecumenical_altar_inner_sanctum, kennysheep_generic_room_2
D:3:      layout_rooms, nicolae_overflow_hidden_temple, cheibriados_altar_1
D:4:      layout_cave_pools, uniq_duvessa, uniq_blork_the_orc
D:5:      layout_loops_cross, nicolae_vehumet_altar_sigil,
          nicolae_overflow_crystal_walls, kennysheep_generic_room_14, uniq_pikel
D:6:      layout_cave_pods, minmay_temple_entry_drinking_statues,
          serial_co_window_serial, co_window_paths_a, co_window_corner_a,
          co_window_of_opportunity_a, co_window_corner_a, co_window_paths_b,
          co_window_corner_ca, co_window_corner_b, co_window_corner_ca,
          glass_columns_a, glass_columns_b, glass_columns_a, glass_columns_a,
          serial_shops, nicolae_shop_advertising_works
          [nicolae_subvault_shop_adworks]
D:7:      layout_gridville, lemuel_crystal_altar, uniq_maggie
D:8:      minmay_bloctagon, layout_loops_ring,
          lemuel_mausoleum_altar_yredelemnul, grunt_lair_entry_orc_guard_hut,
          grunt_decor_mini_mirrors, uniq_joseph

Skill      XL: |  1  2  3  4  5  6  7  8  9 10 |
---------------+-------------------------------+-----
Conjurations   | 2 3 4 5 |  5.2
Air Magic      | 5 6 8 10 11 | 11.0
Shields        | 1 2 4 5 6 7 |  7.4
Dodging        | 3 5 7 8 |  8.3
Spellcasting   | 3 4 |  4.0
Evocations     | 1 4 5 |  5.2
Stealth        | |  2.0

Action                   |  1- 3 |  4- 6 |  7- 9 | 10-12 || total
-------------------------+-------+-------+-------+-------++-------
Melee: Staff             |       |     8 |    17 |     7 ||    32
       Peck              |       |     3 |     6 |     2 ||    11
       Kick              |       |     1 |     6 |     3 ||    10
 Cast: Shock             |    83 |    44 |   173 |    47 ||   347
       Static Discharge  |     3 |     5 |    43 |    30 ||    81
       Airstrike         |       |       |     2 |       ||     2
  Use: Scroll            |       |     5 |     7 |     4 ||    16
       Potion            |       |     1 |       |     5 ||     6
Armor: Robe              |     1 |       |     3 |       ||     4
       Acid dragon scale |       |       |     3 |    18 ||    21
Dodge: Dodged            |     2 |     4 |    48 |    54 ||   108
Block: Kite shield       |       |     5 |    33 |    51 ||    89
